 Dungeon Crawl Stone Soup version 0.17.0-73-gb648821 (webtiles) character file.

549 sugabear the Shield-Bearer (level 7, -7/44 HPs)
             Began as a Gargoyle Fighter on Dec 9, 2015.
             Mangled by an ogre
             ... wielding a +0 giant club
              (10 damage)
             ... on level 4 of the Dungeon.
             The game lasted 00:06:13 (3853 turns).

sugabear the Shield-Bearer (Gargoyle Fighter)       Turns: 3853, Time: 00:06:13

Health: -7/44      AC: 12    Str: 21    XL:     7   Next: 28%
Magic:  7/7        EV:  8    Int:  9    God:
Gold:   188        SH:  9    Dex:  9    Spells: 0 memorised, 6 levels left

rFire  . . .     SeeInvis .     a - +0 war axe
rCold  . . .     Clarity  .     b - +0 scale mail
rNeg   + . .     SustAt   .     c - +0 shield
rPois  ∞         Gourm    .     (no helmet)
rElec  +         Spirit   .     (no cloak)
rCorr  .         Warding  .     (no gloves)
rMut   .         Stasis   .     (no boots)
MR     .....                    (no amulet)
Stlth  ..........               (no ring)
                                (no ring)

@: not resistant to hostile enchantments, extremely unstealthy
A: negative energy resistance 1, electricity resistance, unbreathing,
petrification resistance, rot immunity, AC +4
a: no special abilities


You were on level 4 of the Dungeon.
You were not hungry.

You visited 1 branch of the dungeon, and saw 5 of its levels.

You collected 188 gold pieces.

Inventory:

Hand Weapons
 a - a +0 war axe (weapon)
Armour
 b - a +0 scale mail (worn)
 c - a +0 shield (worn)
Jewellery
 q - an uncursed ring of wizardry {unknown}
Scrolls
 f - 8 scrolls of identify {unknown}
 i - a scroll of random uselessness {unknown}
 j - 2 scrolls of blinking {unknown}
 k - a scroll of noise {unknown}
 l - 4 scrolls of remove curse {unknown}
 r - a scroll of teleportation {unknown}
Potions
 d - 2 potions of might
 g - 4 potions of haste {unknown}
 h - a potion of cure mutation {unknown}
 n - a potion of heal wounds {unknown}
 t - 2 potions of agility {unknown}
 u - a potion of poison {unknown}
 v - a potion of cancellation {unknown}
 w - a potion of curing {unknown}
Comestibles
 e - 2 bread rations
 m - a meat ration
 p - 2 fruits
 s - 4 chunks of flesh


   Skills:
 + Level 4.6 Fighting
 + Level 3.6 Axes
 + Level 4.9 Armour
 + Level 2.3 Dodging
 + Level 5.1 Shields


You had 6 spell levels left.
You didn't know any spells.

Dungeon Overview and Level Annotations

Branches:
Dungeon (5/15)
 Temple: D:4-7

Altars:
Kikubaaqudgha
Xom
The Shining One


Innate Abilities, Weirdness & Mutations

You are resistant to torment.
Your stone body is resilient (AC +4).
You are immune to poison.
You resist negative energy.
You are resistant to electric shocks.
You can survive without breathing.
You are immune to petrification.
You are immune to rotting.


Message History

The ogre closely misses you.
You slash the ogre!
The ogre is heavily wounded.
The ogre barely misses you.
You slash the ogre!
The ogre is almost dead.
The ogre hits you with a giant club!!
* * * LOW HITPOINT WARNING * * *
You are too injured to fight recklessly!
You are too injured to fight recklessly!
You are too injured to fight recklessly!
Throwing (i - inventory):
o - a throwing net (quivered)
Press: ? - help, Shift-Dir - straight line, f - ogre
Aim: an ogre, wielding a giant club (almost dead)
You throw a throwing net.
The throwing net closely misses the ogre.
The ogre completely misses you.
There is a stone staircase leading up here.
The ogre hits you with a giant club!
You die...

#.# #.# ##'#### #.# ......#
#.# ......# #.# ......#
#.########## ##.#########
#.#........# #)##......#
#.#.#####†## #.##......#
#.#.#...#.# ##.##......#
#@#.#.#.#.# ...##......#
#O#.#.#.#.#
#####......#####<#.#.#.#.#
#####..................#.#
..........).#........###.#
..........#.#.#..#.### #.#
..........#.#.#..#.#####.##
..........#.#.#<.#.#......#
..........#.#.#..#.#.######


You could see an ogre.

Vanquished Creatures
  A phantom (D:4)
  An iguana (D:4)
  An orc wizard (D:3)
  2 hounds (D:4)
  2 orc priests (D:3)
  2 worker ants (D:4)
  10 adders
  2 gnolls
  An ooze (D:1)
  An adder skeleton (D:4)
  4 worms
  A giant gecko (D:2)
  25 orcs
  7 bats
  7 goblins
  8 hobgoblins
  4 jackals
  5 giant cockroaches
  A giant gecko skeleton (D:4)
  A giant gecko zombie (D:5)
  2 giant newts
  4 kobolds
  13 rats
105 creatures vanquished.

Notes
Turn   | Place    | Note
--------------------------------------------------------------
     0 | D:1      | sugabear the Gargoyle Fighter began the quest for the Orb.
     0 | D:1      | Reached XP level 1. HP: 14/14 MP: 1/1
   178 | D:1      | Reached XP level 2. HP: 9/20 MP: 2/2
   586 | D:1      | Reached XP level 3. HP: 24/24 MP: 3/3
   926 | D:2      | Reached skill level 4 in Fighting
  1336 | D:2      | Reached XP level 4. HP: 26/29 MP: 4/4
  1393 | D:3      | Noticed a hungry ghost
  1823 | D:3      | Found a shimmering altar of Xom.
  1824 | D:3      | Found a shimmering altar of Xom.
  1824 | D:3      | Found a shimmering altar of Xom.
  1825 | D:3      | Found a shimmering altar of Xom.
  1825 | D:3      | Found a shimmering altar of Xom.
  1857 | D:3      | Reached skill level 1 in Dodging
  1857 | D:3      | Reached XP level 5. HP: 7/33 MP: 5/5
  2269 | D:3      | Found an ancient bone altar of Kikubaaqudgha.
  2569 | D:3      | Found a glowing golden altar of the Shining One.
  2836 | D:3      | Reached XP level 6. HP: 37/39 MP: 6/6
  2991 | D:5      | Entered Level 5 of the Dungeon
  3354 | D:4      | Noticed a phantom
  3382 | D:4      | Killed a phantom
  3643 | D:4      | Reached XP level 7. HP: 44/44 MP: 7/7
  3757 | D:4      | Reached skill level 5 in Shields
  3834 | D:4      | HP: 1/44 [ogre/giant club (19)]
  3853 | D:4      | Mangled by an ogre

Action                   |  1- 3 |  4- 6 |  7- 9 || total
-------------------------+-------+-------+-------++-------
Melee: War axe           |   138 |   244 |    52 ||   434
Throw: Throwing net      |       |       |     1 ||     1
  Eat: Chunk             |     1 |    10 |       ||    11
